 Dungeon Crawl Stone Soup version 0.21-a0-442-g848f44b (webtiles) character file.

267 tof the Slasher (level 6, -1/53 HPs)
             Began as a Minotaur Berserker on Nov 15, 2017.
             Was a Priest of Trog.
             Slain by an orc priest
             ... wielding a +0 dagger
              (5 damage)
             ... on level 4 of the Dungeon.
             The game lasted 00:02:44 (2664 turns).

tof the Slasher (Minotaur Berserker)                Turns: 2664, Time: 00:02:44

Health: -1/53      AC: 11    Str: 21    XL:     6   Next: 0%
Magic:  5/5        EV: 11    Int:  4    God:    Trog [***...]
Gold:   148        SH:  0    Dex: 12    Spells: 5/5 levels left

rFire    . . .     SeeInvis .   a - +0 falchion
rCold    . . .     Gourm    .   (no shield)
rNeg     . . .     Faith    .   e - +0 scale mail
rPois    .         Spirit   .   (helmet restricted)
rElec    .         Reflect  .   D - +0 cloak
rCorr    .         Harm     .   h - +2 pair of gloves
MR       ++...                  (no boots)
Stlth    ..........             (no amulet)
HPRegen  1.17/turn              (no ring)
MPRegen  0.09/turn              (no ring)

@: regenerating
A: retaliatory headbutt, horns 2
a: Berserk, Trog's Hand, Burn Spellbooks, Renounce Religion


You were on level 4 of the Dungeon.
You worshipped Trog.
Trog was most pleased with you.
You were near starving.

You visited 1 branch of the dungeon, and saw 4 of its levels.

You collected 148 gold pieces.

Inventory:

Hand Weapons
 a - a +0 falchion (weapon)
Missiles
 s - 2 javelins (quivered)
 C - 4 silver javelins
Armour
 b - a +0 animal skin
 e - a +0 scale mail (worn)
 h - a +2 pair of gloves (worn)
 D - a +0 cloak (worn)
Jewellery
 q - an uncursed ring of fire {unknown}
 w - an uncursed ring of flight {unknown}
 A - an uncursed ring of wizardry {unknown}
Scrolls
 d - 4 scrolls of identify {unknown}
 f - 2 scrolls of recharging {unknown}
 g - a scroll of random uselessness {unknown}
 i - 2 scrolls of enchant weapon {unknown}
 l - a scroll of fog {unknown}
 n - 5 scrolls of teleportation {unknown}
 o - 3 scrolls of remove curse {unknown}
 u - 2 scrolls of fear {unknown}
 y - a scroll of magic mapping {unknown}
 B - a scroll of amnesia {unknown}
Potions
 j - a potion of magic {unknown}
 p - 2 potions of cancellation {unknown}
 r - a potion of berserk rage {unknown}
 t - a potion of lignification {unknown}
 v - 2 potions of curing {unknown}
 x - a potion of might {unknown}
 z - a potion of agility {unknown}
Comestibles
 c - 4 bread rations
 k - 4 royal jellies
 m - 3 meat rations


   Skills:
 + Level 4.6 Fighting
 * Level 5.5 Long Blades
 * Level 4.8 Armour
 + Level 3.3 Dodging


You had 5 spell levels left.
You didn't know any spells.

Dungeon Overview and Level Annotations

Branches:
Dungeon (4/15)
 Temple: D:4-7

Altars:
Cheibriados
Dithmenos
Vehumet


Innate Abilities, Weirdness & Mutations

You reflexively headbutt those who attack you in melee.
You have a pair of horns on your head.


Message History

You have reached level 6!
Your experience leads to an increase in your attributes!
Increase (S)trength, (I)ntelligence, or (D)exterity?
You feel agile.
Your skin crawls.
You feel resistant to hostile enchantments.
You feel somewhat more hungry.
You hit the orc priest but do no damage.
You headbutt the orc priest, but do no damage.
The orc priest is heavily wounded.
The orc priest hits you but does no damage.
You hit the orc priest. Your headbutt misses the orc priest.
The orc priest is severely wounded.
The orc priest mumbles some strange prayers to Beogh against you.
Beogh smites you!
* * * LOW HITPOINT WARNING * * *
You hit the orc priest.
The orc priest is almost dead.
The orc priest hits you with a dagger.
You die...

.......###+## ########
.......#....######..##..#
.......#.................
.......#.................
?....[.#................#
.......#....###.######..#
.......#)...##### ###..#
.......o@.....# #.....
.......#......# #.....
#......######## ######
#...... #...... #......
#...... . #.=.... . .


You could see an orc priest.

Vanquished Creatures
  A scorpion (D:4)
  An orc priest (D:4)
  An orc wizard (D:4)
  A worker ant (D:4)
  A hound skeleton (D:4)
  5 adders
  An ooze (D:1)
  A worm (D:2)
  5 dart slugs
  2 leopard geckos
  7 bats
  2 giant cockroaches (D:1)
  8 goblins
  6 hobgoblins
  4 quokkas
  A ball python (D:1)
  5 frilled lizards
  A giant cockroach zombie (D:2)
  7 kobolds
  A quokka skeleton (D:4)
  6 rats
67 creatures vanquished.

Notes
Turn   | Place    | Note
-------+----------+-------------------------------------------
     0 | D:1      | tof the Minotaur Berserker began the quest for the Orb.
     0 | D:1      | Reached XP level 1. HP: 19/19 MP: 0/0
   232 | D:1      | Reached XP level 2. HP: 22/27 MP: 1/1
   362 | D:1      | Reached skill level 4 in Long Blades
   638 | D:1      | Reached XP level 3. HP: 29/33 MP: 2/2
   702 | D:1      | Reached ** piety under Trog
  1180 | D:2      | Found a radiant altar of Vehumet.
  1187 | D:2      | Found a snail-covered altar of Cheibriados.
  1235 | D:2      | Reached XP level 4. HP: 38/40 MP: 3/3
  1274 | D:2      | Found a shadowy altar of Dithmenos.
  2468 | D:4      | Reached skill level 5 in Long Blades
  2468 | D:4      | Reached XP level 5. HP: 43/46 MP: 4/4
  2655 | D:4      | Reached *** piety under Trog
  2660 | D:4      | Reached XP level 6. HP: 8/53 MP: 5/5
  2664 | D:4      | Slain by an orc priest

Vault maps used:
D:1:      dpeg_chamrin_arrival_tetris
D:2:      overflow_temple_1_default, overflow_temple_1_default,
          grunt_dithmenos_smoke

Skill      XL: |  1  2  3  4 |
---------------+-------------+-----
Long Blades    | 4 5 |  5.5
Armour         | 3 4 |  4.8
Fighting       | 4 |  4.6
Dodging        | 3 |  3.3

Action                   |  1- 3 |  4- 6 || total
-------------------------+-------+-------++-------
Melee: Falchion          |    71 |    74 ||   145
       Headbutt          |    11 |    17 ||    28
Throw: Javelin           |       |     1 ||     1
Invok: Trog's Hand       |       |     1 ||     1
  Eat: Chunk             |     1 |     3 ||     4
Armor: Scale mail        |    35 |    39 ||    74
Dodge: Dodged            |    42 |    40 ||    82
       Rpst.: Falchion   |     6 |    12 ||    18

Table legend:
 A = Spawn XP
 B = Non-spawn XP
 C = Spawn XP percentage of total XP
 D = Spawn monster count
 E = Non-spawn monster count
 F = Spawn count percentage of total count
 G = Total turns spent on level
                    A         B        C        D         E        F      G
               +---------+---------+-------+---------+---------+-------+---------
         Total |       0 |     382 |   0.0 |       0 |      67 |   0.0 |  2664
               +---------+---------+-------+---------+---------+-------+---------
           D:1 |       0 |      63 |   0.0 |       0 |      29 |   0.0 |   983
           D:2 |       0 |      68 |   0.0 |       0 |      19 |   0.0 |   766
           D:3 |       0 |      44 |   0.0 |       0 |      12 |   0.0 |   668
           D:4 |       0 |     207 |   0.0 |       0 |       7 |   0.0 |   247
               +---------+---------+-------+---------+---------+-------+---------
